 Dungeon Crawl Stone Soup version 0.23-a0-126-g19e28b46dc (webtiles) character file.

112 Leshke the Vexing (level 4, 0/21 HPs)
             Began as a Spriggan Enchanter on Aug 26, 2018.
             Slain by an orc
             ... wielding a +0 falchion
              (6 damage)
             ... on level 3 of the Dungeon.
             The game lasted 00:07:56 (2749 turns).

Leshke the Vexing (Spriggan Enchanter)              Turns: 2749, Time: 00:07:56

Health: 0/21       AC:  1    Str:  4    XL:     4   Next: 63%
Magic:  0/12       EV: 18    Int: 17    God:
Gold:   100        SH:  0    Dex: 16    Spells: 3/12 levels left

rFire    + . .     SeeInvis +   f - +0 short sword (curse)
rCold    . . .     Gourm    .   (shield restricted)
rNeg     . . .     Faith    .   h - -1 robe (curse)
rPois    .         Spirit   .   (helmet restricted)
rElec    .         Reflect  .   (no cloak)
rCorr    .         Harm     .   (gloves unavailable)
MR       .....     Rnd*Rage +   (boots unavailable)
Stlth    ++........             (no amulet)
HPRegen  0.07/turn              c - ring of attention (curse)
MPRegen  0.13/turn              (no ring)

@: very slightly contaminated, very quick
A: very small, unfitting armour, horns 1, see invisible, berserk 1, fire
resistance 1, herbivore, speed 3, high mp 1, slow metabolism 2
a: no special abilities


You were on level 3 of the Dungeon.
You were hungry.

You visited 1 branch of the dungeon, and saw 3 of its levels.

You collected 100 gold pieces.

Inventory:

Hand Weapons
 a - a +1 dagger
 f - a cursed +0 short sword (weapon)
Armour
 b - a +0 robe
 h - a cursed -1 robe (worn)
Jewellery
 c - a cursed ring of attention (left hand)
Scrolls
 j - a scroll of blinking
Potions
 e - 2 potions of lignification
 g - a potion of ambrosia
 i - a potion of might
Comestibles
 d - 6 rations


   Skills:
 - Level 1.1 Short Blades
 - Level 3.0 Dodging
 - Level 4.4 Stealth
 + Level 4.7 Spellcasting
 + Level 5.3 Hexes


You had 3 spell levels left.
You knew the following spells:

 Your Spells              Type           Power        Failure   Level  Hunger
a - Ensorcelled Hibernat  Hex/Ice        ##....       8%          2    #......
b - Corona                Hex            ###....      1%          1    None
c - Confuse               Hex            ###.....     4%          3    ###....
d - Tukima's Dance        Hex            ###.....     4%          3    ###....

Your spell library contained the following spells:

 Spells                   Type           Power        Failure   Level  Hunger
 Dazzling Spray           Conj/Hex       ##....       16%         3    ###....


Dungeon Overview and Level Annotations

Branches:
Dungeon (3/15)

Altars:


Innate Abilities, Weirdness & Mutations

You are very small and have problems with some larger weapons.
You are too small for most types of armour.
You have supernaturally acute eyesight. (SInv)
You are a herbivore.
You cover ground extremely quickly.
You need to consume almost no food.
You have a pair of small horns on your head.
You tend to lose your temper in combat.
Your flesh is heat resistant. (rF+)
You have an increased reservoir of magic. (+10% MP)


Message History

The kobold hits you with a club.
* * * LOW HITPOINT WARNING * * *
Casting: Ensorcelled Hibernation (safe; 8% risk of failure)
Confirm with . or Enter, or press ? or * to list all spells.
Aiming: Ensorcelled Hibernation (safe; 8% risk of failure)
Press: ? - help, Shift-Dir - straight line, f/p - kobold
Aim: a kobold, wielding a club (chance to defeat MR: 61%)
The kobold looks drowsy...
The helpless kobold fails to defend itself.
You puncture the kobold!
You kill the kobold!
Casting: Ensorcelled Hibernation (safe; 8% risk of failure)
Confirm with . or Enter, or press ? or * to list all spells.
Aiming: Ensorcelled Hibernation (safe; 8% risk of failure)
Press: ? - help, Shift-Dir - straight line, f - orc
Aim: an orc, wielding a falchion and wearing a ring mail (chance to defeat MR: You miscast Ensorcelled Hibernation.
A chill runs through your body.
There is a stone staircase leading up here.
The orc hits you with a falchion.
You die...

.......)S
########. #†
#######. #.......
#....... #.......
###########.......
#@o....)[.........
###########.......
########


You could see an orc.

Vanquished Creatures
  An orc priest (D:3)
  3 adders
  A worm (D:2)
  A dart slug (D:1)
  A leopard gecko (D:1)
  An orc (D:3)
  3 ball pythons (D:1)
  10 bats
  A giant cockroach (D:2)
  3 goblins
  6 hobgoblins
  7 kobolds
  5 frilled lizards
  7 rats
50 creatures vanquished.

Notes
Turn   | Place    | Note
-------+----------+-------------------------------------------
     0 | D:1      | Leshke the Spriggan Enchanter began the quest for the Orb.
     0 | D:1      | Reached XP level 1. HP: 9/9 MP: 5/5
   334 | D:2      | Reached skill level 4 in Hexes
   334 | D:2      | Reached XP level 2. HP: 13/13 MP: 7/7
   338 | D:2      | Learned a level 2 spell: Ensorcelled Hibernation
   568 | D:1      | Reached XP level 3. HP: 15/16 MP: 1/9
   573 | D:1      | Learned a level 3 spell: Confuse
   577 | D:1      | Learned a level 3 spell: Tukima's Dance
  1045 | D:1      | Gained mutation: Your body sometimes deteriorates upon
                  | taking damage. [potion of mutation]
  1045 | D:1      | Gained mutation: You have a somewhat thin skeletal
                  | structure. (Dex +2, Stealth) [potion of mutation]
  1045 | D:1      | Gained mutation: You tend to lose your temper in combat.
                  | [potion of mutation]
  1045 | D:1      | Gained mutation: You have a pair of small horns on your
                  | head. [potion of mutation]
  1046 | D:1      | Lost mutation: Your body sometimes deteriorates upon taking
                  | damage. [potion of mutation]
  1046 | D:1      | Lost mutation: You have a somewhat thin skeletal structure.
                  | (Dex +2, Stealth) [potion of mutation]
  1046 | D:1      | Gained mutation: You have an increased reservoir of magic.
                  | (+10% MP) [potion of mutation]
  1046 | D:1      | Gained mutation: Your flesh is heat resistant. (rF+)
                  | [potion of mutation]
  2675 | D:3      | Reached XP level 4. HP: 18/21 MP: 12/12
  2694 | D:3      | Reached skill level 5 in Hexes
  2749 | D:3      | Slain by an orc

Vault maps used:
D:1:      dpeg_arrival_tiny_a
D:2:      first_ration
D:3:      zin_angel, led_sif_pool, hangedman_decor_points

Skill      XL: |  1  2  3  4 |
---------------+-------------+-----
Spellcasting   | 3 4 |  4.7
Hexes          | 4 5 |  5.3
Short Blades   | |  1.1
Dodging        | |  3.0
Stealth        | |  4.4

Action                   |  1- 3 |  4- 6 || total
-------------------------+-------+-------++-------
Melee: Dagger            |    26 |       ||    26
       Short sword       |   116 |    16 ||   132
       Headbutt          |     9 |     3 ||    12
 Cast: Corona            |     6 |       ||     6
       Ensorcelled Hiber |    17 |     6 ||    23
  Use: Scroll            |     9 |       ||     9
       Potion            |     2 |       ||     2
 Stab: Sleeping          |    18 |     4 ||    22
Armor: Robe              |    24 |     1 ||    25
Dodge: Dodged            |   170 |    20 ||   190

Table legend:
 A = Non-vault XP
 B = Vault XP
 C = Vault XP percentage of total XP
 D = Non-vault monster count
 E = Vault monster count
 F = Vault count percentage of total count
                 A         B        C        D         E       F
            +---------+---------+-------+---------+---------+-------
      Total |     160 |       0 |   0.0 |      50 |       0 |   0.0
            +---------+---------+-------+---------+---------+-------
        D:1 |      41 |       0 |   0.0 |      25 |       0 |   0.0
        D:2 |      52 |       0 |   0.0 |      17 |       0 |   0.0
        D:3 |      67 |       0 |   0.0 |       8 |       0 |   0.0
            +---------+---------+-------+---------+---------+-------
